 Dungeon Crawl Stone Soup version 0.32-a0-872-g59262bdc9b (webtiles) character file.

Game seed: 1353945654649710966

70 Autsider the Chiller (level 4, -1/38 HPs)
             Began as a Naga Ice Elementalist on Mar 30, 2024.
             Slain by Robin
             ... wielding a +0 falchion
              (7 damage)
             ... on level 2 of the Dungeon.
             The game lasted 00:07:06 (1312 turns).

Autsider the Chiller (Naga Ice Elementalist)        Turns: 1312, Time: 00:07:07

Health: -1/38      AC:  2    Str: 11    XL:     4   Next: 22%
Magic:  4/7        EV:  8    Int: 17    God:
Gold:   82         SH:  0    Dex: 11    Spells: 4/8 levels left

rFire   . . .        h - +2 dagger (pain)
rCold   . . .        (no shield)
rNeg    . . .        a - +0 robe
rPois   +            (no helmet)
rElec   .            (no cloak)
rCorr   .            (no gloves)
SInv    +            (no barding)
Will    .....        (no amulet)
Stlth   ++           (no ring)
HPRegen 0.26/turn    (no ring)
MPRegen 0.10/turn

%: no passive effects
@: freezing walls, very slow
A: AC +1, large, see invisible, deformed body, poison resistance, slowness 2,
spit poison 1, naga tail 1
a: Spit Poison


You were on level 2 of the Dungeon.
You visited 1 branch of the dungeon, and saw 2 of its levels.

You collected 82 gold pieces.

Inventory:

Hand Weapons
 c - a +0 dagger
 h - a +2 dagger of pain (weapon)
Armour
 a - a +0 robe (worn)
Scrolls
 d - a scroll of poison {unknown}
Potions
 e - 3 potions of curing {unknown}
 f - a potion of enlightenment {unknown}
 g - a potion of resistance {unknown}
 i - a potion of cancellation {unknown}
 j - a potion of lignification {unknown}
 k - 2 potions of haste {unknown}


   Skills:
 + Level 1.6 Fighting
 - Level 1.5 Dodging
 - Level 3.0 Stealth
 + Level 2.6 Spellcasting
 * Level 4.9 Ice Magic


You had 4 spell levels left.
You knew the following spells:

 Your Spells              Type           Power      Damage    Failure   Level
a - Freeze                Ice            72%        1d8       2%          1
b - Frozen Ramparts       Ice            36%        1d6       8%          3

Your spell library contained the following spells:

 Spells                   Type           Power      Damage    Failure   Level
 Ozocubu's Armour         Ice            18%        N/A       8%          3
 Summon Ice Beast         Ice/Summ       10%        N/A       21%         3
 Passwall                 Erth           2%         N/A       50%         3
 Volatile Blastmotes      Fire/Tloc      4%         2d10      50%         3
 Vhi's Electric Charge    Tloc/Air       4%         N/A       88%         4
 Bombard                  Conj/Erth      1%         9d1       100%        6


Dungeon Overview and Level Annotations

Branches:
Dungeon (2/15)

Altars:

Annotations:
D:2 Robin


Innate Abilities, Weirdness & Mutations

Your serpentine skin is tough. (AC +1)
You have supernaturally acute eyesight. (SInv)
Armour fits poorly on your strangely shaped body.
Your system is resistant to poisons. (rPois)
You cover ground very slowly.
You can spit poison.
You have a snake-like lower body.


Message History

* * * LOW HITPOINT WARNING * * *
Robin hits you with a +0 falchion.
* * * LOW HITPOINT WARNING * * *
Magic courses through your body.
The goblin no longer looks unusually strong.
The goblin hits you with a +0 dagger.
* * * LOW HITPOINT WARNING * * *
The goblin hits you but does no damage.
Robin roars a battlecry!
The goblins go into a battle-frenzy!
Casting: Freeze (safe; 2% risk of failure)
Confirm with . or Enter, or press ? or * to list all spells.
Casting: Frozen Ramparts (dangerous; 8% risk of failure)
Press: ? - help, Dir - look around, f - activate The walls around you are covered in ice.
The goblin no longer looks unusually strong. x2
The wall freezes the goblin.
You kill the goblin!
The wall freezes the goblin. x2
You kill the goblin!
The wall freezes Robin.
Robin throws the goblin at you!
The wall freezes the goblin.
The goblin hits you but does no damage.
The wall freezes the goblin.
The wall freezes the goblin.
You kill the goblin!
The wall freezes the goblin.
You kill the goblin!
The wall freezes Robin but does no damage.
Robin closely misses you.
The wall freezes the goblin.
You kill the goblin!
You hit Robin.
Robin is heavily wounded.
The wall freezes Robin.
Robin hits you with a +0 falchion.
* * * LOW HITPOINT WARNING * * *
You hit Robin.
Robin is almost dead.
The wall freezes Robin but does no damage.
Robin hits you with a +0 falchion!
You die...
Robin says, "And that's why I'm the boss."

............# #.........###.##
....###.....# #.#....).......#
....# #.....# #.#[.....#########
....# #.....# ##.....##..........
(...# #[######....#.###..........
....# #.##.#...##.#.###..........
....###.##<#.# ##................
........##...###))...............
....###.##....##@##....##########
....# #.#.....##g##....# ...[#
#.#...#...))#....# #####
#.#..##.....###### ##..###$....#
#.....# #.....# #...### ........
#..# ..........g ....
#..........g


You could see Robin.

Vanquished Creatures
  3 adders (D:2)
  4 ball pythons
  2 bats
  2 endoplasms
  13 goblins
  7 hobgoblins
  A quokka (D:1)
  2 frilled lizards
  4 kobolds (D:1)
  4 rats
42 creatures vanquished.

Notes
Turn   | Place    | Note
-------+----------+-------------------------------------------
     0 | D:1      | Autsider the Naga Ice Elementalist began the quest for the
                  | Orb.
     0 | D:1      | Reached XP level 1. HP: 15/15 MP: 3/3
   207 | D:1      | Reached XP level 2. HP: 24/24 MP: 5/5
  1007 | D:2      | Reached skill level 1 in Fighting
  1029 | D:2      | Reached XP level 3. HP: 26/31 MP: 1/6
  1033 | D:2      | Learned a level 3 spell: Frozen Ramparts
  1280 | D:2      | Reached XP level 4. HP: 33/38 MP: 3/7
  1291 | D:2      | Noticed Robin
  1312 | D:2      | Slain by Robin

Illustrated notes

Levels and vault maps discovered:
D:1:      dpeg_arrival_signposts, layout_loops_corners
D:2:      layout_basic, chequers_arboretum, uniq_robin

Skill      XL: |  1  2 |
---------------+-------+-----
Fighting       | 1 |  1.6
Dodging        | |  1.5
Stealth        | |  3.0
Spellcasting   | |  2.6
Ice Magic      | |  4.9

Action                     |  1- 3 |  4- 6 || total
---------------------------+-------+-------++-------
  Melee: Unarmed           |     8 |       ||     8
         Dagger            |    55 |    16 ||    71
   Cast: Freeze            |    20 |     1 ||    21
         Frozen Ramparts   |     3 |     2 ||     5
    Use: Potion            |       |     1 ||     1
   Stab: Sleeping          |     6 |       ||     6
 Armour: Robe              |    44 |    20 ||    64
  Dodge: Dodged            |    25 |     6 ||    31

Table legend: (Time is in decaauts)
 A = Elapsed time spent in this place.
 B = Non-inter-level travel time spent in this place.
 C = Inter-level travel time spent in this place.
 D = Time resting spent in this place.
 E = Time spent auto-exploring this place.
 F = Levels seen in this place.
 G = Mean time per level.
                   A        B        C        D        E       F      G
               +--------+--------+--------+--------+--------+-----+--------+
         Total |   1737 |   1650 |     87 |     63 |   1278 |   2 |  868.5 |
       Dungeon |   1737 |   1650 |     87 |     63 |   1278 |   2 |  868.5 |
               +--------+--------+--------+--------+--------+-----+--------+

Top non-repeatable levels by time:
     D:1: 1332 daAuts
     D:2: 405 daAuts
